 Dungeon Crawl Stone Soup version 0.23.2-1-ga50397a6bc (webtiles) character file.

Game seed: 15628464152352031435

186 Mrkan the Cudgeler (level 5, -1/34 HPs)
             Began as a Gargoyle Monk on May 20, 2019.
             Slain by Sigmund
             ... wielding a +5 scythe of venom
              (9 damage)
             ... on level 3 of the Dungeon.
             The game lasted 00:03:03 (2034 turns).

Mrkan the Cudgeler (Gargoyle Monk)                  Turns: 2034, Time: 00:03:03

Health: -1/34      AC: 10    Str: 16    XL:     5   Next: 66%
Magic:  5/5        EV: 10    Int: 10    God:
Gold:   118        SH:  0    Dex: 12    Spells: 4/4 levels left

rFire    . . .     SeeInvis .   l - +1 whip (venom)
rCold    . . .     Gourm    .   (no shield)
rNeg     + . .     Faith    .   e - +0 scale mail
rPois    ∞         Spirit   .   (no helmet)
rElec    +         Reflect  .   (no cloak)
rCorr    .         Harm     .   (no gloves)
MR       .....                  (no boots)
Stlth    +.........             (no amulet)
HPRegen  0.11/turn              (no ring)
MPRegen  0.09/turn              (no ring)

@: slowed, very slow
A: negative energy resistance 1, electricity resistance, unbreathing,
petrification resistance, rot immunity, AC +4
a: no special abilities


You were on level 3 of the Dungeon.
You were not hungry.

You visited 1 branch of the dungeon, and saw 3 of its levels.

You collected 118 gold pieces.

Inventory:

Hand Weapons
 l - a +1 whip of venom (weapon)
Armour
 b - a +0 robe
 e - a +0 scale mail (worn)
 h - a +0 helmet
Jewellery
 k - a cursed -3 ring of strength {unknown}
Scrolls
 a - 2 scrolls of noise {unknown}
 d - a scroll of remove curse {unknown}
 g - 2 scrolls of identify {unknown}
 i - a scroll of blinking {unknown}
 j - 2 scrolls of amnesia {unknown}
Comestibles
 c - 4 rations


   Skills:
 + Level 4.4 Fighting
 * Level 4.8 Maces & Flails
 + Level 2.6 Armour
 - Level 2.4 Dodging
 - Level 2.1 Stealth


You had 4 spell levels left.
You didn't know any spells.
Your spell library was empty.

Dungeon Overview and Level Annotations

Branches:
Dungeon (3/15)

Altars:

Annotations:
D:3 Natasha, Sigmund


Innate Abilities, Weirdness & Mutations

You are resistant to torment.
Your stone body is resilient. (AC +4)
You are immune to poison.
You resist negative energy. (rN+)
You are resistant to electric shocks. (rElec)
You can survive without breathing.
You are immune to petrification.
You are immune to rotting.


Message History

Deactivating autopickup; reactivate with Ctrl-A.
Natasha casts a spell.
Something hits you but does no damage. Natasha casts a spell at you.
You resist with some effort. The orc hits you but does no damage.
A hobgoblin comes into view.
Natasha barely misses you. Something hits you. The iron imp barely misses you.
Natasha stares at you and mumbles some strange words.
You resist with some effort. The iron imp hits you. Something hits you.
* * * LOW HITPOINT WARNING * * *
Natasha zaps a wand.
The puff of flame hits you.
* * * LOW HITPOINT WARNING * * *
Something hits you but does no damage.
Natasha mumbles some strange words.
There is a stone staircase leading up here.
The orc priest misses you.
The iron imp hits you but does no damage.
Natasha casts a spell at you. You resist with some effort. Something hits you!
You die...

### .#####.##
........##
........
..<...## #
#..#..# ###
#.##o.#.#...?.
#.#.5@........
#..oho#.#.##..
###.5{#.#
#........
#g#......
#...##...#
#.... ....
##.........
.g.##. .#


You could see an iron imp, an orc priest, Natasha, a crimson imp, 2 orcs and a
hobgoblin.

Vanquished Creatures
  An orc warrior (D:2)
  A gnoll (D:1)
  2 adders (D:2)
  A shadow imp (D:2)
  2 leopard geckos (D:1)
  5 bats
  2 giant cockroaches
  6 goblins
  4 hobgoblins
  8 jackals (D:1)
  4 frilled lizards
  6 kobolds
  8 rats
50 creatures vanquished.

Notes
Turn   | Place    | Note
-------+----------+-------------------------------------------
     0 | D:1      | Mrkan the Gargoyle Monk began the quest for the Orb.
     0 | D:1      | Reached XP level 1. HP: 14/14 MP: 1/1
   117 | D:1      | Reached XP level 2. HP: 17/19 MP: 2/2
   285 | D:1      | Reached skill level 1 in Armour
   285 | D:1      | Reached XP level 3. HP: 2/23 MP: 3/3
  1234 | D:2      | Reached XP level 4. HP: 26/29 MP: 4/4
  1312 | D:2      | Noticed an orc warrior
  1335 | D:2      | Killed an orc warrior
  1335 | D:2      | Reached XP level 5. HP: 3/33 MP: 5/5
  2019 | D:3      | Noticed Sigmund
  2020 | D:3      | Noticed Natasha
  2034 | D:3      | Slain by Sigmund

Skill      XL: |  1  2  3  4 |
---------------+-------------+-----
Armour         | 1 2 |  2.6
Maces & Flails | 4 |  4.8
Fighting       | 4 |  4.4
Dodging        | |  2.4
Stealth        | |  2.1

Action                   |  1- 3 |  4- 6 || total
-------------------------+-------+-------++-------
Melee: Mace              |   156 |     7 ||   163
       Whip              |       |    44 ||    44
  Use: Potion            |       |     1 ||     1
  Eat: Chunk             |     1 |     3 ||     4
Armor: Scale mail        |   120 |    17 ||   137
       Robe              |     3 |       ||     3
Dodge: Dodged            |   127 |    23 ||   150
